 Dungeon Sprint DCSS version 0.15-a0-1485-g692b94f (webtiles) character file.

3056 PolkaDot the Unseen (level 9, 0/61 HPs)
             Began as a Vampire Gladiator on June 14, 2014.
             Was a Priest of Makhleb.
             Slain by a demonic crawler (9 damage)
             ... in the Dungeon (Sprint I: "Red Sonja").
             The game lasted 00:08:27 (575 turns).

PolkaDot the Unseen (Vampire Gladiator)              Turns: 575, Time: 00:08:27

HP   0/61        AC  7     Str 14      XL: 9   Next: 57%
MP   9/9         EV 20     Int 10      God: Makhleb [***...]
Gold 428         SH  5     Dex 17      Spells:  0 memorised,  8 levels left

rFire  . . .     SeeInvis +     a - +0 cutlass
rCold  . . .     Clarity  .     m - +0 leather armour
rNeg   . . .     rCorr    .     q - +0 buckler {AC+3}
rPois  .         rRot     .     c - +0 helmet
rElec  .         Spirit   .     (no cloak)
SustAb .         Warding  .     (no gloves)
rMut   .         NoTele   +     (no boots)
Gourm  .                        (no amulet)
MR     .....                    (no ring)
                                (no ring)

@: regenerating quickly, not resistant to hostile enchantments, extraordinarily
stealthy
A: bottle blood, fangs 3, see invisible, unbreathing
a: Bottle Blood, Minor Destruction, Lesser Servant of Makhleb, Renounce Religion


You were in the Dungeon.
You worshipped Makhleb.
Makhleb was most pleased with you.
You were very full.

You visited 1 branch You collected 655 gold pieces.
You spent 227 gold pieces at shops.

Inventory:

Hand weapons
 a - a +0,+0 cutlass (weapon)
 b - a +0 blowgun
Missiles
 n - 9 curare-tipped needles
Armour
 c - a +0 helmet (worn)
 m - a +0 leather armour (worn)
 q - a +0 buckler of protection (worn)
Magical devices
 f - a wand of flame (10)
 l - a wand of magic darts (17)
Scrolls
 e - a scroll of immolation {unknown}
 k - a scroll of blinking
 p - a scroll of remove curse {unknown}
 r - a scroll of identify {unknown}
Potions
 i - 2 potions of magic


   Skills:
 - Level 1.7 Fighting
 - Level 14.4 Short Blades
 - Level 1.5 Throwing
 + Level 12.5 Dodging
 * Level 18.3 Stealth
 + Level 4.5 Shields


You had 8 spell levels left.
You didn't know any spells.

Dungeon Overview and Level Annotations

Branches:
Dungeon (1/1)

Altars:
Cheibriados
Dithmenos
Elyvilon
Fedhas
Gozag
Kikubaaqudgha
Makhleb
Nemelex Xobeh
Okawaru
Qazlal
Sif Muna
Trog
Vehumet
Xom
Yredelemnul
Zin
The Shining One
Jiyva

Shops:
D *![


Innate Abilities, Weirdness & Mutations

Your natural rate of healing is unusually fast.
You can bottle blood from corpses.
You have razor-sharp teeth.*
You have supernaturally acute eyesight.
You can survive without breathing.*


Message History

You hit the demonic crawler.
The demonic crawler is moderately wounded.
You hit the demonic crawler but do no damage.
You bite the demonic crawler, but do no damage.
The demonic crawler is moderately wounded.
The demonic crawler hits you.
* * * LOW HITPOINT WARNING * * *
You block the demonic crawler's attack. x2
You hit the demonic crawler but do no damage.
The demonic crawler is lightly wounded.
The demonic crawler hits you but does no damage.
The demonic crawler completely misses you.
The demonic crawler hits you.
* * * LOW HITPOINT WARNING * * *
You hit the demonic crawler but do no damage.
The demonic crawler is lightly wounded.
You hit the demonic crawler but do no damage.
The demonic crawler is lightly wounded.
You block the demonic crawler's attack. The demonic crawler hits you!
You die...

##################
.#.)'..#__#..'..)#
.'..#..'..'..#...##+#
'#####'#__####).@sss#
.#...#.####§.#####s.+
##..##%#≈§§..#..# ##
_##'#..'§§§.§'.%#
..'..._#§§§.§#..#
_##_.#'##(#####+#
_###'#.#.(..###
####.####§###.##
..'...'...)('.∩#


You could see 4 demonic crawlers.

Vanquished Creatures
  2 centaur warriors (D)
  A deep troll (D)
  2 kobold demonologists (D)
  Sonja (D)
  A slime creature (D)
  A yak (D)
  A yellow wasp (D)
  An ogre (D)
  Sigmund (D)
  A jelly (D)
  Ijyb (D)
  A giant eyeball (D)
14 creatures vanquished.

Notes
Turn   | Place    | Note
--------------------------------------------------------------
     0 | D        | PolkaDot, the Vampire Gladiator, began the quest for the Orb.
     0 | D        | Reached XP level 1. HP: 16/16 MP: 1/1
     2 | D        | Noticed Ijyb
     8 | D        | Killed Ijyb
     8 | D        | Reached skill level 5 in Short Blades
     8 | D        | Reached XP level 2. HP: 22/22 MP: 2/2
    13 | D        | Noticed an ogre
    18 | D        | Killed an ogre
    18 | D        | Reached skill level 7 in Short Blades
    18 | D        | Reached skill level 5 in Stealth
    18 | D        | Reached XP level 3. HP: 27/27 MP: 3/3
    18 | D        | Reached XP level 4. HP: 33/33 MP: 4/4
    36 | D        | Noticed Sigmund
    38 | D        | Killed Sigmund
    38 | D        | Reached skill level 9 in Short Blades
    38 | D        | Reached XP level 5. HP: 38/38 MP: 5/5
    55 | D        | Found a deep blue altar of Sif Muna.
    56 | D        | Noticed a jelly
    57 | D        | Found a radiant altar of Vehumet.
    70 | D        | Killed a jelly
   135 | D        | Found Ghay's Distillery.
   135 | D        | Found a white marble altar of Elyvilon.
   135 | D        | Found a stormy altar of Qazlal.
   135 | D        | Found a burning altar of Makhleb.
   135 | D        | Found a basalt altar of Yredelemnul.
   135 | D        | Found a glowing golden altar of the Shining One.
   135 | D        | Found a sparkling altar of Nemelex Xobeh.
   135 | D        | Found a shimmering altar of Xom.
   135 | D        | Found an opulent altar of Gozag.
   135 | D        | Found an ancient bone altar of Kikubaaqudgha.
   135 | D        | Found a glowing silver altar of Zin.
   135 | D        | Noticed a yak
   136 | D        | Found an iron altar of Okawaru.
   137 | D        | Killed a yak
   137 | D        | Reached skill level 11 in Short Blades
   137 | D        | Reached XP level 6. HP: 44/44 MP: 6/6
   138 | D        | Found a bloodstained altar of Trog.
   184 | D        | Became a worshipper of Makhleb the Destroyer
   195 | D        | Found a viscous altar of Jiyva.
   195 | D        | Found a blossoming altar of Fedhas.
   195 | D        | Noticed a slime creature
   196 | D        | Found a snail-covered altar of Cheibriados.
   196 | D        | Found a shadowy altar of Dithmenos.
   201 | D        | Killed a slime creature
   201 | D        | Reached skill level 12 in Short Blades
   201 | D        | Reached skill level 10 in Stealth
   201 | D        | Reached XP level 7. HP: 49/49 MP: 7/7
   214 | D        | Noticed a kobold demonologist
   215 | D        | Noticed a kobold demonologist
   219 | D        | Killed a kobold demonologist
   219 | D        | Acquired Makhleb's first power
   219 | D        | Reached skill level 13 in Short Blades
   219 | D        | Reached skill level 10 in Dodging
   221 | D        | Killed a kobold demonologist
   221 | D        | Reached XP level 8. HP: 55/55 MP: 8/8
   249 | D        | Bought a potion of invisibility for 66 gold pieces
   257 | D        | Noticed Sonja
   261 | D        | Killed Sonja
   261 | D        | Acquired Makhleb's second power
   277 | D        | Found Hekaorel's General Store.
   305 | D        | Noticed a deep troll
   310 | D        | Killed a deep troll
   310 | D        | Reached skill level 14 in Short Blades
   310 | D        | Reached skill level 15 in Stealth
   321 | D        | Found Raokybyll's Armour Emporium.
   328 | D        | Bought a +0 buckler of protection for 161 gold pieces
   349 | D        | Noticed a centaur warrior
   350 | D        | Noticed a centaur warrior
   381 | D        | Killed a centaur warrior
   381 | D        | Reached skill level 17 in Stealth
   381 | D        | Reached XP level 9. HP: 39/61 MP: 9/9
   388 | D        | Killed a centaur warrior
   388 | D        | Reached skill level 18 in Stealth
   510 | D        | Noticed a yellow wasp
   516 | D        | Killed a yellow wasp
   516 | D        | Acquired Makhleb's third power
   555 | D        | Noticed a demonic crawler
   555 | D        | Noticed a demonic crawler
   555 | D        | Noticed a demonic crawler
   555 | D        | Noticed a demonic crawler
   575 | D        | Slain by a demonic crawler

Action                   |  1- 3 |  4- 6 |  7- 9 || total
-------------------------+-------+-------+-------++-------
Melee: Cutlass           |     9 |    15 |    46 ||    70
Throw: Throwing net      |     2 |       |     7 ||     9
Evoke: Wand              |       |       |     2 ||     2
  Use: Potion            |       |     1 |     6 ||     7
 Stab: Held in net/web   |     2 |       |     3 ||     5
       Sleeping          |       |     3 |     4 ||     7
